 Dungeon Crawl Stone Soup version 0.31-a0-188-g5e087ee2ca (webtiles) character file.

Game seed: 1294893580280956632

172 qw the Skirmisher (level 5, -2/29 HPs)
             Began as a Deep Elf Hunter on June 23, 2023.
             Slain by an orc
             ... wielding a +1 vampiric trident
              (5 damage)
             ... on level 3 of the Dungeon.
             The game lasted 00:00:31 (1637 turns).

qw the Skirmisher (Deep Elf Hunter)                 Turns: 1637, Time: 00:00:31

Health: -2/29      AC:  5    Str: 10    XL:     5   Next: 27%
Magic:  7/7        EV: 11    Int: 14    God:
Gold:   181        SH:  0    Dex: 18    Spells: 4/4 levels left

rFire   . . .        c - +3 arbalest (heavy)
rCold   . . .        (shield currently unavailable)
rNeg    + . .        e - +0 ring mail
rPois   .            (no helmet)
rElec   .            (no cloak)
rCorr   .            (no gloves)
SInv    .            (no boots)
Will    .....        (no amulet)
Stlth   +            d - ring of positive energy
HPRegen 0.24/turn    (no ring)
MPRegen 0.10/turn

%: no passive effects
@: no status effects
A: no striking features
a: no special abilities


You were on level 3 of the Dungeon.
You visited 1 branch of the dungeon, and saw 3 of its levels.

You collected 181 gold pieces.


   Skills:
 - Level 1.5 Fighting
 + Level 8.7 Ranged Weapons
 - Level 2.4 Dodging
 - Level 1.2 Stealth


You had 4 spell levels left.
You didn't know any spells.
Your spell library was empty.

Inventory:

Hand Weapons
 c - a +3 heavy arbalest (weapon)
Armour
 e - a +0 ring mail (worn)
 f - a scarf of resistance
Jewellery
 d - a ring of positive energy (left hand)
Potions
 a - a potion of haste {unknown}
 b - a potion of curing {unknown}
 g - a potion of degeneration {unknown}

Dungeon Overview and Level Annotations

Branches:
Dungeon (3/15)

Altars:
Hepliaklqana

Annotations:
D:3 1 runed translucent door, Crazy Yiuf


Message History

The orc closely misses you.
You shoot a bolt. The hobgoblin shouts!
The orc shouts! x2
The bolt hits the orc!
You kill the orc!
You hear a shout!
You shoot a bolt. The bolt hits the adder.
The adder is moderately wounded.
The adder bites you but does no damage. The adder bites you.
An orc priest comes into view. It is wielding a +0 dagger.
The adder bites you but does no damage. The adder bites you.
You shoot a bolt. The orc priest shouts!
The bolt hits the adder!!
You kill the adder!
An orc comes into view. It is wielding a +1 vampiric trident.
The orc hits you with a +0 dagger. The hobgoblin hits you.
The orc completely misses you. The orc barely misses you.
You have reached level 5!
You shoot a bolt. The orc shouts!
The bolt hits the orc!
You kill the orc!
The hobgoblin hits you but does no damage.
The orc completely misses you.
The hobgoblin hits you but does no damage.
The orc hits you with a +0 dagger.
You shoot a bolt. The bolt hits the hobgoblin!!
You kill the hobgoblin!
The orc barely misses you. The orc hits you with a +0 dagger.
You shoot a bolt. The bolt hits the orc priest!
You kill the orc priest!
The orc hits you with a +0 dagger.
The orc hits you from afar with a +1 vampiric trident.
The orc hits you but does no damage. The orc barely misses you.
The orc hits you with a +0 dagger.
You shoot a bolt. The bolt barely misses the orc.
The orc hits you but does no damage. The orc hits you with a +0 dagger.
The orc hits you from afar with a +1 vampiric trident.
You die...

#).....7.777 ###
...##77777 ##.# #
#.##################....
#.......................
##..###..%.......####..##
...## ####..##.#.####..#
#### ##.##.#........
#.##.#@)...... ##
#.##.#o)o..... .###
####.#........ %..#
..>#....... ..## ...
....... ..# .) .......
..# .$ ....... ..# #..
###.... ..#


You could see 2 orcs.

Vanquished Creatures
  An orc priest (D:3)
  Natasha (twice) (D:3)
  3 adders
  2 worms (D:3)
  5 orcs (D:3)
  3 bats
  9 endoplasms
  2 giant cockroaches (D:1)
  A goblin (D:1)
  3 hobgoblins
  8 jackals
  2 quokkas (D:1)
  3 ball pythons
  2 frilled lizards (D:1)
  5 kobolds
  5 rats
56 creatures vanquished.

Notes
Turn   | Place    | Note
-------+----------+-------------------------------------------
     0 | D:1      | qw the Deep Elf Hunter began the quest for the Orb.
     0 | D:1      | Reached XP level 1. HP: 12/12 MP: 3/3
     0 | D:1      | 0 ||| qw: Version: 0.3-a-9-g12657ce
     0 | D:1      | 0 ||| qw: Game counter: 4244
     0 | D:1      | 0 ||| qw: Always use a shield: true
     0 | D:1      | 0 ||| qw: God list: Okawaru
     0 | D:1      | 0 ||| qw: Allow faded altars: false
     0 | D:1      | 0 ||| qw: Do Orc after D:15 true
     0 | D:1      | 0 ||| qw: Do second Lair branch before Depths: true
     0 | D:1      | 0 ||| qw: Lair rune preference: random
     0 | D:1      | 0 ||| qw: Plans: Normal
     0 | D:1      | 0 ||| PLANNING D:1-11
   124 | D:1      | Reached XP level 2. HP: 16/16 MP: 4/4
   132 | D:1      | Reached skill level 6 in Ranged Weapons
   436 | D:1      | Reached XP level 3. HP: 20/20 MP: 5/5
   862 | D:1      | 862 ||| UPGRADING to +0 ring mail.
   872 | D:1      | 872 ||| DROPPING +0 leather armour.
   873 | D:1      | 873 ||| READING scroll labelled VUUTHR ROOK.
   874 | D:1      | 874 ||| DRINKING 2 fuming blue potions.
   979 | D:1      | 979 ||| DROPPING scroll of butterflies.
   980 | D:1      | 980 ||| DROPPING potion of berserk rage.
  1042 | D:2      | Reached skill level 7 in Ranged Weapons
  1447 | D:2      | 1447 ||| UPGRADING to ring of positive energy.
  1448 | D:2      | 1448 ||| READING scroll labelled TATOMP GUNA.
  1448 | D:2      | Identified a scroll of acquirement
  1448 | D:2      | 1448 ||| ACQUIRING +3 heavy arbalest
  1448 | D:2      | Acquired a +3 heavy arbalest
  1450 | D:2      | 1450 ||| SWAPPING to +3 heavy arbalest.
  1451 | D:2      | 1451 ||| DROPPING +0 shortbow.
  1473 | D:3      | Noticed Natasha
  1474 | D:3      | Killed Natasha
  1475 | D:3      | Reached XP level 4. HP: 25/25 MP: 6/6
  1511 | D:3      | Found a hazy altar of Hepliaklqana.
  1580 | D:3      | Found a runed translucent door.
  1581 | D:3      | Noticed Crazy Yiuf
  1604 | D:3      | Noticed Natasha
  1607 | D:3      | Killed Natasha
  1608 | D:3      | Reached skill level 8 in Ranged Weapons
  1634 | D:3      | Reached XP level 5. HP: 8/29 MP: 7/7
  1635 | D:3      | HP: 6/29 [orc/+0 dagger (2)]
  1637 | D:3      | Slain by an orc

Levels and vault maps discovered:
D:1:      minmay_arrival_plants_in_alcoves, layout_basic
D:2:      layout_rooms, kennysheep_cluttered_room
D:3:      layout_basic, mainiacjoe_overflow_24_doors,
          amethyst_overflow_temple_binary, minmay_divided_ellipse, uniq_natasha,
          uniq_robin, uniq_crazy_yiuf_cottage

Skill      XL: |  1  2  3  4 |
---------------+-------------+-----
Ranged Weapons | 6 7 8 |  8.7
Fighting       | |  1.5
Dodging        | |  2.4
Stealth        | |  1.2

Action                     |  1- 3 |  4- 6 || total
---------------------------+-------+-------++-------
   Fire: Shortbow          |    79 |       ||    79
         Arbalest          |     2 |    31 ||    33
    Use: Scroll            |     2 |       ||     2
         Potion            |     1 |       ||     1
 Armour: Leather armour    |     4 |       ||     4
         Ring mail         |     4 |    23 ||    27
  Dodge: Dodged            |    21 |    20 ||    41

Table legend:
 A = Non-vault XP
 B = Vault XP
 C = Vault XP percentage of total XP
 D = Non-vault monster count
 E = Vault monster count
 F = Vault count percentage of total count
                 A         B        C        D         E       F
            +---------+---------+-------+---------+---------+-------
      Total |     198 |      48 |  19.5 |      53 |       3 |   5.4
            +---------+---------+-------+---------+---------+-------
        D:1 |      46 |       0 |   0.0 |      28 |       0 |   0.0
        D:2 |      31 |       0 |   0.0 |       5 |       0 |   0.0
        D:3 |     121 |      48 |  28.4 |      20 |       3 |  13.0
            +---------+---------+-------+---------+---------+-------
